 Dungeon Crawl Stone Soup version 0.19.5 (webtiles) character file.

2177 Jack the Tainter (level 9, -4/51 HPs)
             Began as an Octopode Venom Mage on May 9, 2017.
             Was an Initiate of Vehumet.
             Slain by a wight
             ... wielding a cursed +4 halberd
              (17 damage)
             ... on level 7 of the Dungeon.
             The game lasted 00:27:27 (6145 turns).

Jack the Tainter (Octopode Venom Mage)              Turns: 6145, Time: 00:27:28

Health: -4/51      AC:  1    Str:  9    XL:     9   Next: 32%
Magic:  15/20      EV: 13    Int: 20    God:    Vehumet [......]
Gold:   321        SH:  0    Dex: 13    Spells: 3 memorised, 14 levels left

rFire  . . .     SeeInvis .     m - +1 flail (protect)
rCold  . . .     Gourm    .     (no shield)
rNeg   + . .     Faith    .     (helmet restricted)
rPois  .         Spirit   .     (no amulet)
rElec  .         Reflect  .     p - ring of positive energy
rCorr  .         Harm     .     D - +2 ring of strength
MR     .....                    (no ring)
Stlth  +++.......               (no ring)
                                (no ring)
                                (no ring)
                                (no ring)
                                (no ring)

@: no status effects
A: almost no armour, stealthy swim, amphibious, 8 rings, constrict 8, camouflage
1, gelatinous body 1
a: Renounce Religion


You were on level 7 of the Dungeon.
You worshipped Vehumet.
Vehumet was noncommittal.
You were not hungry.

You visited 2 branches of the dungeon, and saw 9 of its levels.

You collected 321 gold pieces.

Inventory:

Hand Weapons
 f - a +0 whip
 m - a +1 flail of protection (weapon)
 y - a +0 mace of holy wrath
 I - a +0 rapier
Magical Staves
 J - an uncursed staff of summoning
Jewellery
 p - a ring of positive energy (left tentacle)
 D - a +2 ring of strength (right tentacle)
Wands
 i - a wand of iceblast (12/15)
 C - a wand of lightning (8/15)
 E - a wand of iceblast (3/15)
Scrolls
 c - 2 scrolls of remove curse
 d - 2 scrolls of blinking {unknown}
 e - a scroll of immolation
 j - 4 scrolls of teleportation {unknown}
 l - 2 scrolls of enchant armour {unknown}
 n - a scroll of amnesia {unknown}
 H - a scroll of identify
 L - a scroll of magic mapping {unknown}
Potions
 k - 2 potions of curing
 r - a potion of ambrosia {unknown}
 s - a potion of cancellation {unknown}
 t - a potion of berserk rage {unknown}
 u - 2 potions of flight {unknown}
 v - a potion of brilliance
 w - a potion of agility
 x - a potion of invisibility {unknown}
 z - a potion of mutation {unknown}
 A - a potion of degeneration {unknown}
 B - a potion of cure mutation {unknown}
 F - a potion of might {unknown}
 G - a potion of magic {unknown}
 K - a potion of lignification {unknown}
Books
 a - a Young Poisoner's Handbook

   Spells                             Type                      Level
   a - Sting                          Conjuration/Poison           1
   b - Mephitic Cloud                 Conjuration/Poison/Air       3
   c - Olgreb's Toxic Radiance        Poison                       4
   d - Alistair's Intoxication        Transmutation/Poison         5
   e - Venom Bolt                     Conjuration/Poison           5
Comestibles
 b - 7 bread rations
 g - 9 fruits
 h - 9 slices of pizza
 o - 5 beef jerkies
 q - a royal jelly
 M - 2 chunks of flesh


   Skills:
 - Level 2.0 Dodging
 - Level 2.6 Stealth
 - Level 7.3 Spellcasting
 + Level 3.2 Conjurations
 + Level 4.7 Air Magic
 - Level 9.7 Poison Magic


You had 14 spell levels left.
You knew the following spells:

 Your Spells              Type           Power        Failure   Level  Hunger
a - Sting                 Conj/Pois      ####         1%          1    None
b - Olgreb's Toxic Radia  Pois           #####...     1%          4    ###....
c - Mephitic Cloud        Conj/Pois/Air  ####....     2%          3    #......


Dungeon Overview and Level Annotations

Branches:
Dungeon (8/15)             Temple (1/1) D:7
   Lair: D:8-11

Altars:
Ashenzari
Cheibriados
Dithmenos
Elyvilon
Fedhas
Gozag
Hepliaklqana
Kikubaaqudgha
Makhleb
Nemelex Xobeh
Okawaru
Qazlal
Ru
Sif Muna
Trog
Uskayaw
Vehumet
Xom
Yredelemnul
Zin
The Shining One


Innate Abilities, Weirdness & Mutations

You cannot wear most types of armour.
You are very stealthy in the water. (Stealth+)
You are amphibious.
You can wear up to eight rings at the same time.
You can use your tentacles to constrict eight enemies at once.
Your skin changes colour to match your surroundings (Stealth+).
Your rubbery body absorbs attacks. (AC +1, EV +1)


Message History

The phantom is lightly damaged.
The phantom hits you.
The phantom blinks!
The phantom hits you but does no damage.
You hit the phantom.
Your weapon exudes an aura of protection.
The phantom is lightly damaged.
The phantom hits you but does no damage.
The phantom hits you.
* * * LOW HITPOINT WARNING * * *
You are too injured to fight recklessly!
You are too injured to fight recklessly!
There is a stone staircase leading up here.
The phantom blinks!
You climb upwards.
The wight hits you with an enchanted halberd!
* * * LOW HITPOINT WARNING * * *
There is a stone staircase leading down here.
You feel better.
The wight hits you with an enchanted halberd!
You die...

#....#
######...####......##...
♣♣P.P♣
#<..##...###.###...#####
♣PP.♣ #......).....#
#.⌠.# ♣♣.♣♣
####.#..####.###...####
♣♣.♣ #..#.#..#
#..........# ♣.♣♣
#......# #..⌠..>..⌠.##
♣♣.♣ #....).##
##........... ♣)♣♣
##....z.# ####...###..
##'## ##<..@h##### #.⌠.#
#.. #...#
#.....†.†.###..(####.
#...#
##..................#.
#)..#
#)..#...#.............
#####
##.#.....#.#####.##....
#....#....#.# #..#....
#....#....#.######......
#...>.........##)........
#.....##...........#.....


You could see a wight and a jackal.

Vanquished Creatures
  4 hogs (D:7)
  A human (D:7)
  A hungry ghost (D:7)
  Duvessa (D:7)
  A centaur (D:5)
  4 ogres
  Dowan (D:7)
  A scorpion (D:4)
  A wyvern skeleton (D:7)
  2 crimson imps (D:7)
  5 orc wizards
  Crazy Yiuf (D:7)
  A gnoll shaman (D:5)
  4 worker ants
  A worker ant zombie (D:5)
  6 gnolls
  8 adders
  A shadow imp (D:6)
  An ooze (D:5)
  2 adder skeletons
  An adder zombie (D:6)
  3 worms
  6 leopard geckos
  23 orcs
  2 ball pythons (D:3)
  5 giant cockroaches
  9 goblins
  3 hobgoblins
  9 jackals
  6 bats
  5 frilled lizards
  A giant cockroach zombie (D:5)
  7 kobolds
  A quokka skeleton (D:5)
  37 rats
  A fungus (D:7)
166 creatures vanquished.

Notes
Turn   | Place    | Note
-------+----------+-------------------------------------------
     0 | D:1      | Jack the Octopode Venom Mage began the quest for the Orb.
     0 | D:1      | Reached XP level 1. HP: 11/11 MP: 3/3
   123 | D:1      | Reached skill level 5 in Poison Magic
   307 | D:1      | Reached XP level 2. HP: 15/17 MP: 0/5
   311 | D:1      | Found an iron altar of Okawaru.
   776 | D:2      | Reached XP level 3. HP: 14/21 MP: 6/6
  1557 | D:3      | Reached XP level 4. HP: 27/27 MP: 4/8
  1636 | D:3      | Reached skill level 6 in Poison Magic
  1752 | D:3      | Reached skill level 1 in Conjurations
  2394 | D:4      | Learned a level 4 spell: Olgreb's Toxic Radiance
  2398 | D:4      | Learned a level 3 spell: Mephitic Cloud
  2474 | D:4      | Reached XP level 5. HP: 31/31 MP: 2/9
  3047 | D:4      | Reached skill level 7 in Poison Magic
  3047 | D:4      | Reached XP level 6. HP: 32/36 MP: 0/10
  3129 | D:4      | Found a shadowy altar of Dithmenos.
  3150 | D:4      | Found a shimmering altar of Xom.
  3270 | D:5      | Entered Level 5 of the Dungeon
  3285 | D:5      | Found a bloodstained altar of Trog.
  3549 | D:5      | Reached XP level 7. HP: 36/41 MP: 0/12
  3638 | D:5      | Reached skill level 8 in Poison Magic
  3955 | D:5      | Found a basalt altar of Yredelemnul.
  3955 | D:5      | Found an ancient bone altar of Kikubaaqudgha.
  4708 | D:7      | Reached skill level 5 in Spellcasting
  4708 | D:7      | Reached skill level 9 in Poison Magic
  4708 | D:7      | Reached XP level 8. HP: 32/46 MP: 9/15
  4796 | D:7      | Found a staircase to the Ecumenical Temple.
  4872 | D:7      | Noticed Dowan
  4885 | D:7      | Noticed Duvessa
  4906 | D:7      | Killed Duvessa
  4910 | D:7      | Killed Dowan
  5198 | D:7      | Found a white marble altar of Elyvilon.
  5198 | D:7      | Found a shattered altar of Ashenzari.
  5200 | D:7      | Found a glowing silver altar of Zin.
  5268 | D:7      | Reached skill level 1 in Air Magic
  5444 | Temple   | Entered the Ecumenical Temple
  5539 | Temple   | Became a worshipper of Vehumet
  5766 | D:7      | Reached XP level 9. HP: 18/51 MP: 10/19
  6022 | D:7      | Found a runed door.
  6026 | D:7      | Noticed Crazy Yiuf
  6035 | D:7      | Killed Crazy Yiuf
  6145 | D:7      | Slain by a wight

Skill      XL: |  1  2  3  4  5  6  7  8  9 |
---------------+----------------------------+-----
Poison Magic   | 5 6 7 9 |  9.7
Spellcasting   | 3 5 6 7 |  7.3
Conjurations   | 1 2 3 |  3.2
Air Magic      | 3 4 |  4.7
Dodging        | |  2.0
Stealth        | |  2.6

Action                   |  1- 3 |  4- 6 |  7- 9 || total
-------------------------+-------+-------+-------++-------
Melee: Whip              |    78 |     6 |       ||    84
       Constrict         |    19 |    16 |    19 ||    54
       Tentacles         |     7 |     5 |    12 ||    24
       Flail             |       |    53 |   107 ||   160
 Cast: Sting             |    38 |    94 |    65 ||   197
       Olgreb's Toxic Ra |       |     3 |    10 ||    13
       Mephitic Cloud    |       |       |     1 ||     1
  Use: Potion            |     1 |       |     2 ||     3
       Scroll            |       |     5 |     1 ||     6
 Stab: Sleeping          |     6 |     1 |     2 ||     9
  Eat: Chunk             |     2 |     6 |     7 ||    15
       Fruit             |       |       |     5 ||     5
       Bread ration      |       |       |     2 ||     2
Armor: Skin              |     7 |     8 |    23 ||    38
Dodge: Dodged            |    58 |    45 |    68 ||   171
